 Dungeon Crawl Stone Soup version 0.25-a0-460-g4f2eb97ec1 (webtiles) character file.

Game seed: 13284400883411398930, levelgen mode: deterministic

67 Nattfarinn the Sneak (level 4, 0/55 HPs)
             Began as a Minotaur Assassin on Feb 3, 2020.
             Slain by an orc (3 damage)
             ... on level 3 of the Dungeon.
             The game lasted 00:02:52 (1688 turns).

Nattfarinn the Sneak (Minotaur Assassin)            Turns: 1688, Time: 00:02:53

Health: 0/55       AC: 22    Str: 15 (16) XL:     4   Next: 0%
Magic:  3/3        EV:  2    Int:  7 (10) God:
Gold:   99         SH:  0    Dex: 11 (12) Spells: 3/3 levels left

rFire    + . .     SeeInvis .   a - +2 dagger
rCold    + . .     Gourm    .   (no shield)
rNeg     + + +     Faith    .   (armour currently unavailable)
rPois    +         Spirit   .   (helmet currently unavailable)
rElec    +         Reflect  .   (cloak currently unavailable)
rCorr    +         Harm     .   (gloves currently unavailable)
MR       .....     Rnd*Rage +   (boots currently unavailable) Stlth +++.......NoTele +
                                (no amulet)
HPRegen  0.18/turn              v - ring of stealth
MPRegen  0.08/turn              (no ring)

@: tree-form, resistant
A: (retaliatory headbutt), berserk 1, clever 1, MP-powered wands
a: no special abilities


You were on level 3 of the Dungeon.
You were not hungry.
You were a tree.
You visited 1 branch of the dungeon, and saw 3 of its levels.

You collected 99 gold pieces.

Inventory:

Hand Weapons
 a - a +2 dagger (weapon)
Missiles
 d - 13 poisoned darts (quivered)
 e - 2 curare-tipped darts
Armour
 b - a +0 robe (melded)
 c - a +0 cloak (melded)
 i - a +0 pair of gloves (melded)
 k - a cursed +0 helmet
Jewellery
 v - a ring of stealth (left branch)
Scrolls
 h - a scroll of enchant armour {unknown}
 m - a scroll of teleportation {unknown}
 o - 3 scrolls of remove curse {unknown}
 q - 2 scrolls of fog {unknown}
 r - a scroll of identify {unknown}
 s - a scroll of blinking {unknown}
 t - a scroll of fear {unknown}
 u - a scroll of magic mapping {unknown}
Potions
 p - a potion of magic
Comestibles
 f - 2 rations


   Skills:
 + Level 2.9 Fighting
 * Level 3.0 Short Blades
 - Level 2.0 Throwing
 * Level 2.2 Armour
 + Level 1.8 Dodging
 + Level 3.5 Stealth


You had 3 spell levels left.
You didn't know any spells.
Your spell library was empty.

Dungeon Overview and Level Annotations

Branches:
Dungeon (3/15)

Altars:


Innate Abilities, Weirdness & Mutations

((You reflexively headbutt those who attack you in melee.))
((You have a pair of horns on your head.))
((You have large cloven feet.))
You tend to lose your temper in combat.
Your mind is acute. (Int +2)
You expend magic power (3 MP) to strengthen your wands.


Message History

The orc hits you but does no damage.
It was a potion of degeneration.
There was something very wrong with that liquid.
You feel weakened.
You feel dopey.
You feel clumsy. The orc hits you but does no damage.
It was a potion of mutation.
You feel extremely strange.
You feel your magical essence link to the dungeon's wands.
Your feet thicken and deform.
You feel a little pissed off.
You feel clever. The orc hits you but does no damage.
You hit the orc.
The orc is moderately wounded.
You hit the orc.
The orc is heavily wounded.
The orc hits you but does no damage.
The orc priest calls upon Beogh to heal the orc priest.
You hit the orc but do no damage.
The orc is heavily wounded.
The orc priest calls upon Beogh to heal the orc.
The orc's wounds heal themselves!
The orc hits you.
You die...

#+######
#......#
#....#.#
#..#.#.#
###.<..#
#..#####o#
#...♣oo{o#
##########


You could see 2 orc priests and 2 orcs.

Vanquished Creatures
  2 adders (D:2)
  An ooze (D:2)
  3 dart slugs
  4 leopard geckos
  4 bats
  3 giant cockroaches
  3 goblins
  3 hobgoblins
  A quokka (D:2)
  A ball python (D:2)
  A frilled lizard (D:2)
  3 kobolds (D:2)
  8 rats
37 creatures vanquished.

Notes
Turn   | Place    | Note
-------+----------+-------------------------------------------
     0 | D:1      | Nattfarinn the Minotaur Assassin began the quest for the
                  | Orb.
     0 | D:1      | Reached XP level 1. HP: 18/18 MP: 0/0
   143 | D:1      | Reached XP level 2. HP: 18/25 MP: 1/1
   273 | D:1      | Reached skill level 1 in Armour
   846 | D:2      | Reached XP level 3. HP: 27/30 MP: 2/2
  1409 | D:2      | Reached XP level 4. HP: 28/37 MP: 3/3
  1681 | D:3      | HP: 2/55 [orc priest/divine providence (15)]
  1685 | D:3      | Gained mutation: You expend magic power (3 MP) to
                  | strengthen your wands. [potion of mutation]
  1685 | D:3      | Gained mutation: You have large cloven feet. [potion of
                  | mutation]
  1685 | D:3      | Gained mutation: You tend to lose your temper in combat.
                  | [potion of mutation]
  1685 | D:3      | Gained mutation: Your mind is acute. (Int +2) [potion of
                  | mutation]
  1688 | D:3      | Slain by an orc

Levels and vault maps discovered:
D:1:      roderic_dead_forest, layout_rooms,
          wander_ebering_terrifying_dragon_lair
D:2:      minmay_skewed_foursquare, layout_basic
D:3:      layout_basic, first_ration, serial_corexii_hall,
          corexii_hall_statues_u, corexii_hall_statues_x,
          corexii_hall_statues_l, chequers_hall_statues_y, minmay_misc_feat_tiny

Skill      XL: |  1  2  3 |
---------------+----------+-----
Armour         | 1 2 |  2.2
Short Blades   | 3 |  3.0
Fighting       | |  2.9
Throwing       | |  2.0
Dodging        | |  1.8
Stealth        | |  3.5

Action                   |  1- 3 |  4- 6 || total
-------------------------+-------+-------++-------
Melee: Dagger            |    83 |    15 ||    98
       Headbutt          |    16 |     2 ||    18
Throw: Dart              |     1 |       ||     1
  Use: Potion            |       |     5 ||     5
 Stab: Sleeping          |     7 |       ||     7
  Eat: Chunk             |     2 |       ||     2
Armor: Robe              |    13 |     1 ||    14
       Skin              |       |     9 ||     9
Dodge: Dodged            |    49 |    14 ||    63

Table legend:
 A = Non-vault XP
 B = Vault XP
 C = Vault XP percentage of total XP
 D = Non-vault monster count
 E = Vault monster count
 F = Vault count percentage of total count
                 A         B        C        D         E       F
            +---------+---------+-------+---------+---------+-------
      Total |      87 |      10 |  10.3 |      30 |       7 |  18.9
            +---------+---------+-------+---------+---------+-------
        D:1 |      30 |       3 |   9.1 |      15 |       1 |   6.2
        D:2 |      57 |       7 |  10.9 |      15 |       6 |  28.6
            +---------+---------+-------+---------+---------+-------
